AoeStats
← 2609108162

Golden Pit

510078626Analyzed
1v1 RM · 4d ago on Sep 29, 2026· 42m 15s· 2 players
Game mode
Random Map
Map size
Tiny (2 player)
Population
200
Speed
Normal
Resources
Standard
Victory
Conquest
Starting age
Dark Age
Ending age
Imperial Age
RankedLock teamsTeams togetherTeam positionsShared explorationLock speedFull tech treeHidden civsTurbo modeCheats
Victory
Defeat
🇨🇳 Malay · China
1015
+16
🇨🇳 Maya · China
1021
-16
2609108162
7:26 Loom
8:02 Loom
10:37 Feudal Age
14:40 Castle Age
17:35 Double-Bit Axe
17:47 Horse Collar
22:35 Town Watch
22:59 Stone Mining
25:35 Wheelbarrow
26:07 Heavy Plow
26:48 Gold Mining
28:04 Bow Saw
32:38 Imperial Age
29:53 Elite Skirmisher
31:13 Gold Shaft Mining
31:55 Stone Shaft Mining
32:28 Conscription
32:08 Fletching
32:19 Padded Archer Armor
32:45 Guilds
32:33 Man-at-Arms
33:15 Squires
33:41 Bodkin Arrow
35:09 Hand Cart
35:22 Ballistics
36:09 Chemistry
36:10 Leather Archer Armor
37:39 Ring Archer Armor
37:16 Long Swordsman
39:25 Bracer
40:39 Two-Handed Swordsman
41:05 Arson
加成
0:26 Loom
9:41 Feudal Age
10:19 Double-Bit Axe
18:43 Castle Age
16:37 Gold Mining
17:15 Fletching
19:26 Crossbowman
20:29 Bodkin Arrow
20:54 Bow Saw
20:52 Horse Collar
22:20 Padded Archer Armor
23:10 Wheelbarrow
25:02 Heavy Plow
27:34 Hand Cart
33:12 Imperial Age
30:29 Town Watch
32:30 Leather Archer Armor
32:26 Stone Mining
33:55 Bracer
34:35 Conscription
33:48 Arbalester
33:56 Arbalester
35:45 Ring Archer Armor
38:06 Two-Man Saw
39:01 Thumb Ring
41:21 Ring Archer Armor
41:17 Elite Skirmisher
42:20 Scale Mail Armor
Connection lost

Rejoining the realm…

Still unreachable

The connection could not be restored.

Session expired

The server has moved on; the page needs a fresh start.